AoeStats
← B!G SPARKY

Arena

510867416Analyzed
2v2 RM · 13h ago on Oct 2, 2026· 48m 44s· 4 players
Game mode
Random Map
Map size
Medium (4 player)
Population
200
Speed
Normal
Resources
Standard
Victory
Conquest
Starting age
Dark Age
Ending age
Imperial Age
RankedLock teamsTeams togetherTeam positionsShared explorationLock speedFull tech treeHidden civsTurbo modeCheats
Victory
Defeat
🇺🇸 Mongols · United States
1241
+11
🇵🇪 Bengalis · Peru
1167
+13
🇹🇷 Malay · Türkiye
1137
-13
🇹🇷 Khmer · Türkiye
1100
-11
ׅ
7:36 Feudal Age
8:07 Double-Bit Axe
10:39 Loom
14:48 Castle Age
14:09 Fletching
17:47 Bow Saw
19:43 Padded Archer Armor
20:51 Ballistics
22:19 Bodkin Arrow
27:26 Husbandry
28:23 Leather Archer Armor
34:05 Fortified Wall
34:06 Masonry
34:59 Fervor
34:46 Gold Mining
40:10 Imperial Age
42:35 Elite Mangudai
43:19 Bracer
44:20 Chemistry
44:33 Bloodlines
44:47 Conscription
44:33 Nomads
47:13 Scale Barding Armor
47:19 Forging
46:32 Light Cavalry
Edwin_ZM
10:37 Feudal Age
12:18 Loom
14:55 Castle Age
14:23 Double-Bit Axe
14:22 Horse Collar
16:32 Bow Saw
19:29 Heavy Plow
22:46 Fortified Wall
25:15 Wheelbarrow
28:22 Imperial Age
25:53 Gold Mining
27:27 Gold Shaft Mining
27:35 Stone Mining
27:38 Fletching
27:55 Scale Barding Armor
28:13 Ballistics
28:11 Husbandry
28:41 Elite Elephant Archer
29:39 Bodkin Arrow
31:00 Hand Cart
30:30 Town Watch
30:47 Bracer
31:09 Chain Barding Armor
31:31 Crop Rotation
32:15 Chemistry
32:24 Town Patrol
33:21 Plate Barding Armor
34:11 Siege Engineers
35:47 Paiks
36:04 Conscription
39:24 Padded Archer Armor
41:09 Masonry
40:57 Murder Holes
41:27 Leather Archer Armor
42:14 Two-Man Saw
42:35 Mahayana
45:00 Forging
44:14 Elite Battle Elephant
45:04 Bloodlines
HolyGhost
12:35 Feudal Age
16:11 Castle Age
14:53 Double-Bit Axe
14:50 Horse Collar
15:37 Stone Mining
21:58 Forging
22:03 Town Watch
24:43 Wheelbarrow
24:28 Squires
24:16 Arson
28:52 Hand Cart
32:08 Imperial Age
29:26 Loom
31:25 Husbandry
32:03 Conscription
32:20 Gold Mining
32:56 Bow Saw
32:50 Heavy Plow
32:53 Town Patrol
33:35 Gold Shaft Mining
33:08 Elite Battle Elephant
35:06 Scale Barding Armor
38:36 Iron Casting
39:28 Devotion
B!G SPARKY
10:17 Feudal Age
13:37 Castle Age
12:25 Double-Bit Axe
12:21 Horse Collar
23:20 Scale Barding Armor
23:27 Bloodlines
23:20 Loom
23:20 Town Watch
24:51 Chain Barding Armor
25:52 Husbandry
25:13 Light Cavalry
27:03 Bow Saw
26:54 Heavy Plow
26:45 Gold Mining
28:45 Wheelbarrow
28:33 Fletching
28:44 Padded Archer Armor
30:54 Gold Shaft Mining
31:27 Ballistics
32:16 Hand Cart
31:39 Elite Skirmisher
33:35 Devotion
33:34 Bodkin Arrow
33:55 Leather Archer Armor
34:09 Tusk Swords
34:55 Fortified Wall
39:31 Imperial Age
38:34 Forging
38:24 Scale Mail Armor
40:34 Double Crossbow
40:55 Conscription
41:41 Chemistry
40:37 Heavy Scorpion
41:47 Siege Engineers
45:26 Bracer
Connection lost

Rejoining the realm…

Still unreachable

The connection could not be restored.

Session expired

The server has moved on; the page needs a fresh start.